 Dungeon Crawl Stone Soup version 0.28-a0-1143-gcf6077d4cc (webtiles) character file.

Game seed: 681169096656835776

322 pokeman the Magician (level 6, -2/34 HPs)
             Began as a Deep Elf Hedge Wizard on Dec 13, 2021.
             Killed by nerve-wracking pain
             ... invoked by an orc priest
              (12 damage)
             ... on level 3 of the Dungeon.
             The game lasted 00:08:27 (4320 turns).

pokeman the Magician (Deep Elf Hedge Wizard)        Turns: 4320, Time: 00:08:28

Health: -2/34      AC:  6    Str:  7    XL:     6   Next: 22%
Magic:  3/17       EV: 12    Int: 21    God:
Gold:   182        SH:  0    Dex: 14    Spells: 7/18 levels left

rFire   . . .      SeeInvis .   j - +0 dagger (freeze)
rCold   . . .      Faith    .   (no shield)
rNeg    . . .      Spirit   .   h - +0 leather armour
rPois   .          Reflect  .   a - +2 helmet
rElec   .          Harm     .   (no cloak)
rCorr   .          Rampage  .   (no gloves)
Will    .....                   (no boots)
Stlth   ++........              (no amulet)
HPRegen 0.11/turn               (no ring)
MPRegen 0.15/turn               (no ring)

@: very slightly contaminated
A: no striking features
a: no special abilities


You were on level 3 of the Dungeon.
You visited 1 branch of the dungeon, and saw 4 of its levels.
You also visited: Sewer.

You collected 182 gold pieces.

Inventory:

Hand Weapons
 j - a +0 dagger of freezing (weapon)
Missiles
 b - 39 arrows
 n - 13 bolts
Armour
 a - a +2 helmet (worn)
 h - a +0 leather armour (worn)
Scrolls
 c - a scroll of fog {unknown}
 e - a scroll of vulnerability {unknown}
 f - a scroll of identify {unknown}
 i - a scroll of enchant weapon {unknown}
 l - a scroll of brand weapon {unknown}
 q - 2 scrolls of fear {unknown}
Potions
 d - 6 potions of haste {unknown}
 g - a potion of curing {unknown}
 k - 5 potions of cancellation {unknown}
 m - a potion of attraction {unknown}
 o - 2 potions of invisibility {unknown}
 p - a potion of magic {unknown}
 r - 2 potions of mutation {unknown}


   Skills:
 + Level 1.1 Fighting
 - Level 1.0 Armour
 - Level 3.1 Dodging
 - Level 3.0 Stealth
 * Level 6.8 Spellcasting
 + Level 3.2 Conjurations
 - Level 1.1 Summonings
 - Level 1.1 Translocations
 + Level 1.2 Fire Magic
 - Level 1.0 Air Magic
 - Level 1.0 Poison Magic


You had 7 spell levels left.
You knew the following spells:

 Your Spells              Type           Power      Damage    Failure   Level
a - Magic Dart            Conj           80%        1d7       3%          1
b - Mephitic Cloud        Conj/Pois/Air  14%        N/A       19%         3
c - Call Imp              Summ           11%        N/A       13%         2
d - Blink                 Tloc           22%        N/A       13%         2
e - Conjure Flame         Conj/Fire      16%        6-21      16%         3

Your spell library contained the following spells:

 Spells                   Type           Power      Damage    Failure   Level
 Slow                     Hex            28%        N/A       13%         1


Dungeon Overview and Level Annotations

Branches:
Dungeon (4/15)              Sewer (visited)
 Temple: D:4-7

Altars:
Nemelex Xobeh
Okawaru
Wu Jian
The Shining One


Message History

Press: ? - help, Shift-Dir - straight line, f/p - adder
Aim: an adder (almost dead, 100% to hit)
The magic dart hits the adder.
You kill the adder!
Casting: Magic Dart (safe; 3% risk of failure)
Confirm with . or Enter, or press ? or * to list all spells.
Aiming: Magic Dart (safe; 3% risk of failure)
Press: ? - help, Shift-Dir - straight line, f - bat
Aim: a bat (100% to hit)
The magic dart hits the bat.
You kill the bat!
Casting: Magic Dart (safe; 3% risk of failure)
Confirm with . or Enter, or press ? or * to list all spells.
You can't see any susceptible monsters within range! (Use Z to cast anyway.) Unknown command.
You start resting.
An orc priest opens the door.
It is wielding a +0 flail.
Casting: Magic Dart (safe; 3% risk of failure)
Confirm with . or Enter, or press ? or * to list all spells.
The spell is quite dangerous to miscast (19% risk of failure)!
Continue anyway?
Aiming: Mephitic Cloud (quite dangerous; 19% risk of failure)
Press: ? - help, Shift-Dir - straight line, f - orc priest
Aim: an orc priest, wielding a +0 flail and wearing a +0 leather armour (lightly wounded, chance to affect: 86%)
You miscast Mephitic Cloud.
You are very lightly contaminated with residual magic.
You are blasted with magical energy!
You closely miss the orc priest.
The orc priest is lightly wounded.
The orc priest misses you.
You hit the orc priest but do no damage.
The orc priest is lightly wounded.
The orc priest calls down the wrath of Beogh upon you.
Pain shoots through your body!
* * * LOW HITPOINT WARNING * * *
Found a scroll labelled TOC FEATIRPH.
You hit the orc priest. You freeze the orc priest.
The orc priest is moderately wounded.
The orc priest calls down the wrath of Beogh upon you.
Pain shoots through your body!
You die...

####...............##........)...
†..#.#'#####.......##...........#
##.#.#.# #.......##...........#
...#.#.# ###############......#
.#.#.#.#8###8###⌠###8###8#.).....
.#.........................#.....
.#.#.#...........................
.#.#.#.######.....##########.###.
.#.#.# . .......@o'..............
.#.#.# ######.....#########..#.##
.#.#+## #....... #..#.## ##....#
###.†..... #..#.##
###...#########......?.# #..#.#
._#....................8 ...#.#
###....#### ##).......# ##.##.#
##.....<# #........# #.##.#
........# #.#


You could see an orc priest.

Vanquished Creatures
  A scorpion (D:3)
  An iguana (D:4)
  A hound skeleton (D:4)
  10 adders
  4 river rats (D:3)
  A worm (D:2)
  2 dart slugs (D:1)
  6 orcs (D:3)
  8 endoplasms
  4 giant cockroaches
  4 goblins
  7 hobgoblins
  9 jackals
  2 quokkas
  5 ball pythons
  5 bats
  2 frilled lizards
  10 kobolds
  5 rats
87 creatures vanquished.

Vanquished Creatures (collateral kills)
  A worm (D:3)
1 creature vanquished.

Vanquished Creatures (others)
  55 fungi (D:4)
  12 plants (Sewer)
67 creatures vanquished.

Grand Total: 155 creatures vanquished

Notes
Turn   | Place    | Note
-------+----------+-------------------------------------------
     0 | D:1      | pokeman the Deep Elf Hedge Wizard began the quest for the
                  | Orb.
     0 | D:1      | Reached XP level 1. HP: 10/10 MP: 7/7
   481 | D:1      | Reached XP level 2. HP: 16/16 MP: 1/9
   986 | D:1      | Reached skill level 5 in Spellcasting
  1350 | D:2      | Reached XP level 3. HP: 20/20 MP: 8/11
  1354 | D:2      | Learned a level 3 spell: Mephitic Cloud
  1357 | D:2      | Learned a level 2 spell: Call Imp
  1360 | D:2      | Learned a level 2 spell: Blink
  1364 | D:2      | Learned a level 3 spell: Conjure Flame
  1873 | D:2      | Reached skill level 1 in Armour
  1931 | D:2      | Reached skill level 1 in Fighting
  2091 | D:2      | Reached XP level 4. HP: 25/25 MP: 6/13
  2193 | D:2      | You fall into a shaft and drop 2 floors!
  2464 | D:4      | Reached skill level 1 in Fire Magic
  2539 | D:3      | Noticed a scorpion
  2555 | D:3      | Killed a scorpion
  2556 | D:3      | Reached skill level 6 in Spellcasting
  2556 | D:3      | Reached XP level 5. HP: 29/29 MP: 5/15
  2716 | D:3      | Reached skill level 1 in Air Magic
  2879 | D:3      | Found a glowing drain.
  2886 | Sewer    | Entered a sewer
  3579 | Sewer    | Reached XP level 6. HP: 34/34 MP: 12/17
  4032 | D:3      | Found an iron altar of Okawaru.
  4032 | D:3      | Found a sparkling altar of Nemelex Xobeh.
  4046 | D:3      | Found a faded altar of an unknown god.
  4048 | D:3      | Found a glowing golden altar of the Shining One.
  4050 | D:3      | Found an ornate altar of the Wu Jian Council.
  4081 | D:3      | Reached skill level 1 in Poison Magic
  4320 | D:3      | Killed from afar by an orc priest

Illustrated notes

Levels and vault maps discovered:
D:1:      minmay_arrival_arboretum_small, layout_basic
D:2:      layout_basic
D:3:      layout_basic, chequers_temple_overflow_minitemple,
          serial_corexii_hall, chequers_hall_statues_wall_a,
          chequers_hall_statues_wall_a, corexii_hall_statues_i,
          hellmonk_ecumenical_altar_inner_sanctum, lightli_sewer_entry_pipes,
          kennysheep_orc_chapel
D:4:      layout_basic, xom_redecorated, mainiacjoe_overflow_catch_the_wave

Skill      XL: |  1  2  3  4  5  6 |
---------------+-------------------+-----
Spellcasting   | 5 6 |  6.8
Armour         | 1 |  1.0
Fighting       | 1 |  1.1
Conjurations   | 2 3 |  3.2
Fire Magic     | 1 |  1.2
Dodging        | 3 |  3.1
Air Magic      | 1 |  1.0
Stealth        | 3 |  3.0
Poison Magic   | 1 |  1.0
Summonings     | |  1.1
Translocations | |  1.1

Action                   |  1- 3 |  4- 6 || total
-------------------------+-------+-------++-------
Melee: Dagger            |    71 |    23 ||    94
 Cast: Magic Dart        |    96 |   119 ||   215
       Conjure Flame     |       |     5 ||     5
       Mephitic Cloud    |       |     7 ||     7
       Blink             |       |     1 ||     1
       Call Imp          |       |     1 ||     1
 Stab: Confused          |       |     2 ||     2
       Sleeping          |       |     2 ||     2
       Distracted        |       |     1 ||     1
Armor: Robe              |     3 |       ||     3
       Leather armour    |    21 |    14 ||    35
Dodge: Dodged            |    65 |    36 ||   101

Table legend: (Time is in decaauts)
 A = Elapsed time spent in this place.
 B = Non-inter-level travel time spent in this place.
 C = Inter-level travel time spent in this place.
 D = Time resting spent in this place.
 E = Time spent auto-exploring this place.
 F = Levels seen in this place.
 G = Mean time per level.
                   A        B        C        D        E       F      G
               +--------+--------+--------+--------+--------+-----+--------+
         Total |   4491 |   4445 |     46 |    367 |   3244 |   5 |  898.2 |
       Dungeon |   3357 |   3311 |     46 |    367 |   2198 |   4 |  839.2 |
         Sewer |   1133 |   1133 |      0 |      0 |   1045 |   1 | 1133.0 |
               +--------+--------+--------+--------+--------+-----+--------+

Top non-repeatable levels by time:
     D:1: 1342 daAuts
   Sewer: 1133 daAuts
     D:2: 894 daAuts
     D:3: 794 daAuts
     D:4: 326 daAuts
